 Dungeon Crawl Stone Soup version 0.19-a0-1740-g0bcaf2e (webtiles) character file.

119 junb69 the Skirmisher (level 5, 0/51 HPs)
             Began as a Naga Abyssal Knight on Oct 1, 2016.
             Was a Believer of Lugonu.
             Killed by a spatial distortion (3 damage)
             ... on level 2 of the Dungeon.
             The game lasted 00:04:41 (2690 turns).

junb69 the Skirmisher (Naga Abyssal Knight)         Turns: 2690, Time: 00:04:41

Health: 0/51       AC:  4    Str: 14    XL:     5   Next: 3%
Magic:  6/6        EV:  9    Int: 13    God:    Lugonu [**....]
Gold:   58         SH:  0    Dex: 11    Spells: 0 memorised, 4 levels left

rFire  . . .     SeeInvis +     a - +1 mace
rCold  . . .     Gourm    .     b - +0 leather armour
rNeg   . . .     Faith    .     (no shield)
rPois  +         Spirit   .     (no helmet)
rElec  .         Dismiss  .     (no cloak)
rCorr  .         Reflect  .     l - +0 pair of gloves
MR     +....     Harm     .     (no barding)
Stlth  +.........               (no amulet)
                                (no ring)
                                d - ring of protection from magic

@: short of breath, very slow
A: see invisible, deformed body, poison resistance, slowness 2, slow metabolism
1, spit poison 1, AC +1
a: Spit Poison, Depart the Abyss, Bend Space, Renounce Religion


You were on level 2 of the Dungeon.
You worshipped Lugonu.
Lugonu was pleased with you.
You were not hungry.

You visited 1 branch of the dungeon, and saw 3 of its levels.
You visited the Abyss 1 time.

You collected 58 gold pieces.

Inventory:

Hand Weapons
 a - a +1 mace (weapon)
Armour
 b - a +0 leather armour (worn)
 l - a +0 pair of gloves (worn)
Jewellery
 d - a ring of protection from magic (left hand)
Scrolls
 f - a scroll of remove curse {unknown}
 j - a scroll of teleportation {unknown}
 k - a scroll of recharging {unknown}
Potions
 e - a potion of agility {unknown}
 g - a potion of magic {unknown}
 h - a potion of brilliance {unknown}
Comestibles
 c - 2 bread rations
 i - 4 fruits
 m - 3 chunks of flesh


   Skills:
 * Level 4.4 Fighting
 * Level 3.7 Maces & Flails
 - Level 1.5 Armour
 - Level 0.7 Dodging
 - Level 2.0 Invocations


You had 4 spell levels left.
You didn't know any spells.

Dungeon Overview and Level Annotations

Branches:
Dungeon (3/15)

Altars:
Makhleb
Uskayaw
Xom


Innate Abilities, Weirdness & Mutations

You cannot wear boots.
Your serpentine skin is tough. (AC +1)
You have supernaturally acute eyesight. (SInv)
Armour fits poorly on your strangely shaped body.
Your system is resistant to poisons. (rPois)
You cover ground very slowly.
You have a slow metabolism.
You can spit poison.


Message History

The orc priest looks satisfied for a moment.
The orc priest invokes the aid of Beogh against you.
Pain shoots through your body! The orc barely misses you.
The orc priest looks encouraged for a moment.
There is a stone staircase leading up here.
The orc priest mumbles some strange prayers to Beogh against you.
Beogh smites you!
* * * LOW HITPOINT WARNING * * *
The orc hits you with a flail.
* * * LOW HITPOINT WARNING * * *
You climb upwards.
There is a stone staircase leading down here.
Press: ? - help, Shift-Dir - straight line, f - orc
Aim: an orc, wielding a flail The splash of poison misses the orc.
You feel slightly more hungry. The orc hits you with a flail.
* * * LOW HITPOINT WARNING * * *
Space bends around you!
You blink.
You die...

############# #(((..)....o####
######.#########.ยง..#
........#...#)#.....#############
######..#.###^#..................
........#.# #.#.........#########
........#.###.#<@....##.###### ##
#.........)..................# #.
#.###.#####..###.....#..####.###.
#.# #.# ###..###.................
#.###.# #.>...####.###....##.###.
......# #.#...####...#....##.# #.
#.##### #.#...............##.# #.
#.# #.##..#####...#..###.# #. #.#
#.....# ##.......###.# #.


You could see an orc.

Vanquished Creatures
  A hound (D:2)
  2 adders (D:2)
  An ooze (D:2)
  2 worms
  2 leopard geckos
  An orc (D:3)
  A ball python (D:2)
  3 giant cockroaches (D:1)
  7 goblins
  7 hobgoblins
  2 jackals (D:3)
  6 kobolds
  A quokka (D:2)
  7 bats
  3 frilled lizards
  10 rats
56 creatures vanquished.

Notes
Turn   | Place    | Note
-------+----------+-------------------------------------------
     0 | Abyss:1  | junb69 the Naga Abyssal Knight began the quest for the Orb.
     0 | Abyss:1  | Reached XP level 1. HP: 21/21 MP: 2/2
    22 | Abyss:1  | Noticed a mana viper
    23 | D:1      | Escaped the Abyss
   219 | D:1      | Reached XP level 2. HP: 28/28 MP: 3/3
   652 | D:1      | Reached * piety under Lugonu
  1042 | D:1      | Reached XP level 3. HP: 34/34 MP: 4/4
  1134 | D:2      | Found a faded altar of an unknown god.
  1530 | D:2      | Found a hide-covered altar of Uskayaw.
  1532 | D:2      | Noticed a hand axe
  1536 | D:2      | Noticed a hand axe
  1611 | D:2      | Reached skill level 4 in Fighting
  1813 | D:2      | Found a shimmering altar of Xom.
  1822 | D:2      | Reached XP level 4. HP: 24/44 MP: 5/5
  2060 | D:2      | Found a burning altar of Makhleb.
  2539 | D:3      | Reached ** piety under Lugonu
  2547 | D:3      | Reached XP level 5. HP: 37/51 MP: 6/6
  2690 | D:2      | Killed by a spatial distortion

Vault maps used:
D:1:      dpeg_arrival_fog, glass_columns_a, hex_tiny
D:2:      dancing_weapons_uskayaw, old_standard_altar, ecumenical_altar_1,
          minmay_item_behind_shaft, makhleb_heckhound_becter
D:3:      hangedman_abyss_or_decor_lesser_grid, minmay_cut_off

Skill      XL: |  1  2  3 |
---------------+----------+-----
Fighting       | 4 |  4.4
Maces & Flails | 3 |  3.7
Armour         | |  1.5
Dodging        | |  0.7
Invocations    | |  2.0

Action                   |  1- 3 |  4- 6 || total
-------------------------+-------+-------++-------
Melee: Mace              |   106 |    58 ||   164
Invok: Depart the Abyss  |     1 |       ||     1
 Abil: Spit Poison       |     3 |     3 ||     6
 Stab: Sleeping          |     1 |       ||     1
  Eat: Chunk             |     2 |     3 ||     5
Armor: Leather armour    |    51 |    37 ||    88
Dodge: Dodged            |    70 |    58 ||   128
